 Dungeon Crawl Stone Soup version 0.27-a0-1230-gfc7c993222 (webtiles) character file.

Game seed: 7822164911684089936

53 Delamore the Skirmisher (level 4, -4/37 HPs)
             Began as a Formicid Fighter on June 8, 2021.
             Was an Initiate of Ru.
             Slain by a gnoll
             ... wielding a +4 whip
              (5 damage)
             ... on level 2 of the Dungeon.
             The game lasted 00:02:12 (1671 turns).

Delamore the Skirmisher (Formicid Fighter)          Turns: 1671, Time: 00:02:13

Health: -4/37      AC: 10    Str: 22    XL:     4   Next: 10%
Magic:  4/4        EV:  8    Int:  7    God:    Ru [......]
Gold:   60         SH:  9    Dex: 10    Spells: 3/3 levels left

rFire    . . .     SeeInvis +   a - +0 trident
rCold    . . .     Faith    .   c - +0 kite shield
rNeg     . . .     Spirit   .   b - +0 scale mail
rPois    .         Reflect  .   (helmet unavailable)
rElec    .         Harm     .   (no cloak)
rCorr    .         Rampage  .   (no gloves)
Will     .....                  h - +2 pair of boots
Stlth    ..........             (no amulet)
HPRegen  0.12/turn              (no ring)
MPRegen  0.09/turn              (no ring)

@: no status effects
A: permanent stasis, dig shafts and tunnels, antennae 3, four strong arms
a: Dig, Shaft Self, Renounce Religion, Sacrifice Durability, Sacrifice
Resistance, Sacrifice Purity, Reject Sacrifices


You were on level 2 of the Dungeon.
You worshipped Ru.
Ru was noncommittal.
You visited 1 branch of the dungeon, and saw 2 of its levels.

You collected 60 gold pieces.

Inventory:

Hand Weapons
 a - a +0 trident (weapon)
Missiles
 l - 8 boomerangs
Armour
 b - a +0 scale mail (worn)
 c - a +0 kite shield (worn)
 h - a +2 pair of boots (worn)
Scrolls
 e - 2 scrolls of teleportation {unknown}
 f - a scroll of enchant armour {unknown}
 i - a scroll of immolation
 j - 2 scrolls of identify {unknown}
Potions
 d - a potion of might
 g - a potion of brilliance {unknown}
 k - a potion of magic {unknown}
 m - a potion of degeneration {unknown}


   Skills:
 + Level 3.9 Fighting
 * Level 3.5 Polearms
 - Level 3.2 Armour
 - Level 3.6 Shields


You had 3 spell levels left.
You didn't know any spells.
Your spell library was empty.

Dungeon Overview and Level Annotations

Branches:
Dungeon (2/15)

Altars:
Ru

Shops:
D:2 [


Innate Abilities, Weirdness & Mutations

You cannot be hasted, slowed, berserked, paralysed or teleported.
You can dig through walls and to a lower floor.
You have a pair of large antennae on your head. (SInv)
Your four strong arms can wield two-handed weapons with a shield.


Message History

You are too injured to fight recklessly!
You are too injured to fight recklessly!
You are too injured to fight recklessly!
You are too injured to fight recklessly!
You are too injured to fight recklessly!
You are too injured to fight recklessly!
You are too injured to fight recklessly!
You are too injured to fight recklessly!
You are too injured to fight recklessly!
You are too injured to fight recklessly!
You are too injured to fight recklessly!
You puncture the gnoll!
You kill the gnoll!
You have reached level 4!
You feel stronger.
You closely miss the gnoll. You block the gnoll's attack.
You closely miss the gnoll. You block the gnoll's attack. x2
You barely miss the gnoll. The gnoll hits you with a +4 whip.
You puncture the gnoll!
The gnoll is heavily wounded.
The gnoll hits you with a +4 whip.
You closely miss the gnoll.
The gnoll is heavily wounded.
The gnoll completely misses you.
You barely miss the gnoll.
The gnoll is heavily wounded.
The gnoll closely misses you. The gnoll barely misses you.
You hit the gnoll.
The gnoll is heavily wounded.
The gnoll hits you with a +4 whip.
* * * LOW HITPOINT WARNING * * *
You hit the gnoll.
The gnoll is severely wounded.
The gnoll hits you with a +4 whip!
* * * LOW HITPOINT WARNING * * *
Okay, then.
You extend your mandibles.
You dig through the rock wall.
You dig through the rock wall.
The gnoll hits you with a +4 whip.
You die...

#.....#.........##.#.†.##
#########.....#.........##.#....)
.......##.....############.##....
.......##.....# #####.......
......†##.....# #...........
........'.....# #..........#
.......##....[# #......†...#
.(.....##.....#### #########'##
.......##.....##@# ######'##
.......####g###g## #........
...........#.#.## #........
...........##g## #........
######...g.#### #........ #..g..#
#........ ###....# ########.
#8###8#g...# #. ...g....#### #.


You could see 2 gnolls.

Vanquished Creatures
  An adder (D:2)
  A gnoll (D:2)
  2 endoplasms (D:1)
  A giant cockroach (D:2)
  2 hobgoblins
  4 jackals (D:1)
  3 kobolds
  2 quokkas (D:1)
  7 bats
  3 frilled lizards
  4 goblins (D:1)
  2 rats
32 creatures vanquished.

Notes
Turn   | Place    | Note
-------+----------+-------------------------------------------
     0 | D:1      | Delamore the Formicid Fighter began the quest for the Orb.
     0 | D:1      | Reached XP level 1. HP: 18/18 MP: 1/1
   155 | D:1      | Reached XP level 2. HP: 24/24 MP: 2/2
   842 | D:1      | Found a faded altar of an unknown god.
   868 | D:1      | Became a worshipper of Ru the Awakened
   919 | D:1      | Reached XP level 3. HP: 30/30 MP: 3/3
  1138 | D:2      | Found Juijyime's Antique Armour Boutique.
  1662 | D:2      | Reached XP level 4. HP: 17/37 MP: 4/4
  1669 | D:2      | HP: 1/37 [gnoll/+4 whip (9)]
  1671 | D:2      | Slain by a gnoll

Illustrated notes

Levels and vault maps discovered:
D:1:      moated_graveyard_arrival, layout_basic,
          hellmonk_ecumenical_altar_blasted
D:2:      layout_basic, serial_shops, shop, serial_corexii_hall,
          chequers_hall_statues_wall_a, chequers_hall_statues_y

Skill      XL: |  1  2  3 |
---------------+----------+-----
Polearms       | 3 |  3.5
Fighting       | |  3.9
Armour         | |  3.2
Shields        | |  3.6

Action                   |  1- 3 |  4- 6 || total
-------------------------+-------+-------++-------
Melee: Trident           |   137 |     8 ||   145
 Abil: Dig               |     1 |     1 ||     2
 Stab: Distracted        |     1 |       ||     1
Armor: Scale mail        |    44 |       ||    44
Dodge: Dodged            |    42 |     3 ||    45
Block: Kite shield       |    62 |     3 ||    65

Table legend: (Time is in decaauts)
 A = Elapsed time spent in this place.
 B = Non-inter-level travel time spent in this place.
 C = Inter-level travel time spent in this place.
 D = Time resting spent in this place.
 E = Time spent auto-exploring this place.
 F = Levels seen in this place.
 G = Mean time per level.
                   A        B        C        D        E       F      G
               +--------+--------+--------+--------+--------+-----+--------+
         Total |   1721 |   1651 |     70 |      0 |   1347 |   2 |  860.5 |
       Dungeon |   1721 |   1651 |     70 |      0 |   1347 |   2 |  860.5 |
               +--------+--------+--------+--------+--------+-----+--------+

Top non-repeatable levels by time:
     D:1: 1129 daAuts
     D:2: 591 daAuts
